 Dungeon Crawl Stone Soup version 0.31-a0-836-g3ceb0a68c4 (webtiles) character file.

Game seed: 17857165682854090249

324 tilp the Sneak (level 6, -6/46 HPs)
             Began as a Vampire Enchanter on Sept 26, 2023.
             Mangled by an orc warrior
             ... wielding a +0 glaive
              (19 damage)
             ... in a bailey.
             The game lasted 00:04:52 (3077 turns).

tilp the Sneak (Vampire Enchanter)                  Turns: 3077, Time: 00:04:53

Health: -6/46      AC:  3    Str:  7    XL:     6   Next: 23%
Magic:  2/10       EV: 13    Int: 19    God:
Gold:   256        SH:  0    Dex: 15    Spells: 5/10 levels left

rFire   . . .        a - +2 dagger
rCold   . . .        (no shield)
rNeg    . . .        n - +0 robe
rPois   .            (no helmet)
rElec   .            (no cloak)
rCorr   .            (no gloves)
SInv    +            e - +0 pair of boots
Will    .....        (no amulet)
Stlth   +++          (no ring)
HPRegen 0.47/turn    (no ring)
MPRegen 0.12/turn

%: no passive effects
@: healing quickly, invisible
A: alive, fangs 3, see invisible, vampiric 2
a: Exsanguinate


You were in a bailey.
You visited 1 branch of the dungeon, and saw 5 of its levels.
You also visited: Bailey.

You collected 256 gold pieces.

Inventory:

Hand Weapons
 a - a +2 dagger (weapon)
 b - a +0 dagger of draining
Missiles
 d - 5 atropa-tipped darts
 j - 6 poisoned darts (quivered)
Armour
 e - a +0 pair of boots (worn)
 i - an orb of light
 n - a +0 robe (worn)
Jewellery
 k - an amulet of guardian spirit
Wands
 p - a wand of roots (3)
Scrolls
 g - 2 scrolls of teleportation
 l - 2 scrolls of amnesia
 m - a scroll of summoning
Potions
 c - a potion of invisibility
 f - a potion of lignification
 h - a potion of mutation
 o - a potion of cancellation {unknown}
 q - a potion of attraction {unknown}


   Skills:
 * Level 2.5 Fighting
 * Level 3.4 Short Blades
 + Level 3.2 Dodging
 + Level 5.6 Stealth
 + Level 2.7 Spellcasting
 + Level 5.3 Hexes
 + Level 0.5 Evocations


You had 5 spell levels left.
You knew the following spells:

 Your Spells              Type           Power      Damage    Failure   Level
a - Ensorcelled Hibernat  Hex/Ice        24%        N/A       8%          2
b - Confusing Touch       Hex            22%        N/A       5%          3

Your spell library contained the following spells:

 Spells                   Type           Power      Damage    Failure   Level
 Tukima's Dance           Hex            22%        N/A       5%          3
 Apportation              Tloc           4%         N/A       16%         1
 Necrotise                Necr           8%         1d4       16%         1
 Sting                    Tmut/Pois      8%         1d3       16%         1
 Summon Small Mammal      Summ           8%         N/A       16%         1
 Dazzling Flash           Conj/Hex       24%        N/A       16%         3
 Blink                    Tloc           4%         N/A       24%         2
 Lesser Beckoning         Tloc           4%         N/A       24%         2
 Momentum Strike          Conj/Tloc      4%         3d8       24%         2
 Poisonous Vapours        Pois/Air       4%         N/A       24%         2
 Olgreb's Toxic Radiance  Pois           2%         N/A       83%         4


Dungeon Overview and Level Annotations

Branches:
Dungeon (7/15)             Bailey (1/1)
 Temple: D:4-7

Altars:
Nemelex Xobeh


Innate Abilities, Weirdness & Mutations

Your natural rate of healing is accelerated.
You have razor-sharp teeth.
You have supernaturally acute eyesight. (SInv)
You are afflicted with vampirism and can become a bat while bloodless.


Message History

You start resting.
An orc warrior comes into view. It is wielding a +0 glaive.
An orc warrior is nearby!
Casting: Ensorcelled Hibernation (safe; 8% risk of failure)
Confirm with . or Enter, or press ? or * to list all spells.
Aiming: Ensorcelled Hibernation (safe; 8% risk of failure)
Press: ? - help, Shift-Dir - straight line, f - orc warrior
Aim: an orc warrior, wielding a +0 glaive and wearing a +0 chain mail (wandering, hasn't noticed you, chance to affect: 46%)
The orc warrior shouts!
The orc warrior resists with some effort.
The orc warrior hits you from afar with a +0 glaive!!
* * * LOW HITPOINT WARNING * * *
Casting: Ensorcelled Hibernation (safe; 8% risk of failure)
Confirm with . or Enter, or press ? or * to list all spells.
You don't have enough magic to cast this spell.
Unknown command.
Unknown command.
Aiming: Fastroot
Press: ? - help, Shift-Dir - straight line, f/p - orc warrior
Aim: an orc warrior, wielding a +0 glaive and wearing a +0 chain mail The roots erupt in riotous growth!
Roots grab the orc warrior.
The grasping roots constrict the orc warrior.
The orc warrior closely misses you.
Unknown command.
The grasping roots constrict the orc warrior!
The roots release their grip on the orc warrior.
You see here a +0 trident.
You fade into invisibility!
You barely miss the orc warrior. You bite the orc warrior.
The orc warrior is moderately wounded.
The orc warrior hits you with a +0 glaive!
* * * LOW HITPOINT WARNING * * *
You hit the orc warrior.
You punch the orc warrior, but do no damage.
The orc warrior is heavily wounded.
You hit the orc warrior but do no damage.
The orc warrior is heavily wounded.
The orc warrior hits you with a +0 glaive!!
You die...

############ ###
##.∩...o))..## ...
#.....@#.....######....
#.....###..).#....#..##
#∩.....8...))'....'..8.
#.....###)...#....#..##
#......#.....###### ..
##.∩..)))...##
############


You could see an orc warrior (unable to see you).

Vanquished Creatures
  A sky beast (D:6)
  A bullfrog (D:7)
  A jelly (D:7)
  A hound (D:6)
  2 adders (D:2)
  An adder skeleton (D:2)
  12 orcs (Bailey)
  5 ball pythons
  11 bats
  2 bat skeletons (D:2)
  6 endoplasms
  2 giant cockroaches
  5 hobgoblins
  3 jackals (D:1)
  10 kobolds
  A quokka (D:1)
  2 frilled lizards (D:1)
  4 goblins
  A quokka skeleton (D:2)
  2 quokka zombies (D:2)
  4 rats
77 creatures vanquished.

Notes
Turn   | Place    | Note
-------+----------+-------------------------------------------
     0 | D:1      | tilp the Vampire Enchanter began the quest for the Orb.
     0 | D:1      | Reached XP level 1. HP: 13/13 MP: 3/3
   135 | D:1      | Reached XP level 2. HP: 10/20 MP: 5/5
   183 | D:1      | Learned a level 2 spell: Ensorcelled Hibernation
   363 | D:1      | Reached skill level 1 in Fighting
   790 | D:1      | Gained mutation: You are afflicted with vampirism and can
                  | become a bat while bloodless. [Vampire growth]
   790 | D:1      | Reached XP level 3. HP: 17/26 MP: 3/6
   795 | D:1      | Learned a level 3 spell: Confusing Touch
  1429 | D:2      | Found a sparkling altar of Nemelex Xobeh.
  1557 | D:2      | Reached XP level 4. HP: 32/32 MP: 7/7
  2217 | D:3      | Reached skill level 5 in Stealth
  2435 | D:3      | You fall into a shaft and drop 3 floors!
  2485 | D:6      | Noticed a sky beast
  2495 | D:6      | Killed a sky beast
  2496 | D:6      | Reached skill level 5 in Hexes
  2496 | D:6      | Reached XP level 5. HP: 38/38 MP: 3/8
  2714 | D:7      | Reached XP level 6. HP: 46/46 MP: 8/10
  2720 | D:7      | Found a flagged portal.
  2739 | Bailey   | Entered a bailey
  3002 | Bailey   | Noticed an orc warrior
  3066 | Bailey   | Noticed an orc warrior
  3077 | Bailey   | Mangled by an orc warrior

Illustrated notes

Levels and vault maps discovered:
D:1:      grunt_arrival_lava_bath, layout_basic, hangedman_abyss_or_decor_stabs,
          kennysheep_small_spiral
D:2:      layout_loops_corners, serial_undead, serial_undead_c, serial_undead_a,
          serial_undead_a, serial_undead_c, serial_undead_b, serial_undead_d,
          serial_undead_e, serial_undead_e, basic_altar
D:3:      layout_basic, uniq_jessica
D:6:      layout_basic
D:7:      layout_loops_corners, enter_bailey_2, nicolae_grassy_gnolls,
          uniq_pikel
Bailey:   bailey_polearm_5, bailey

Skill      XL: |  1  2  3  4 |
---------------+-------------+-----
Fighting       | 1 2 |  2.5
Short Blades   | 2 3 |  3.4
Stealth        | 5 |  5.6
Dodging        | 3 |  3.2
Hexes          | 5 |  5.3
Spellcasting   | |  2.7
Evocations     | |  0.5

Action                     |  1- 3 |  4- 6 || total
---------------------------+-------+-------++-------
  Melee: Dagger            |   109 |    87 ||   196
         Bite              |     6 |     6 ||    12
         Punch             |       |     1 ||     1
   Cast: Ensorcelled Hiber |    10 |    16 ||    26
  Evoke: Wand              |       |     2 ||     2
    Use: Scroll            |     8 |     2 ||    10
         Potion            |       |     1 ||     1
   Stab: Sleeping          |    22 |    16 ||    38
 Armour: Robe              |    69 |    55 ||   124
  Dodge: Dodged            |    62 |    84 ||   146

Table legend: (Time is in decaauts)
 A = Elapsed time spent in this place.
 B = Non-inter-level travel time spent in this place.
 C = Inter-level travel time spent in this place.
 D = Time resting spent in this place.
 E = Time spent auto-exploring this place.
 F = Levels seen in this place.
 G = Mean time per level.
                   A        B        C        D        E       F      G
               +--------+--------+--------+--------+--------+-----+--------+
         Total |   3055 |   2990 |     65 |    564 |   1691 |   6 |  509.2 |
       Dungeon |   2724 |   2659 |     65 |    378 |   1691 |   5 |  544.8 |
        Bailey |    330 |    330 |      0 |    186 |      0 |   1 |  330.0 |
               +--------+--------+--------+--------+--------+-----+--------+

Top non-repeatable levels by time:
     D:2: 1140 daAuts
     D:1: 1045 daAuts
  Bailey: 330 daAuts
     D:3: 235 daAuts
     D:6: 207 daAuts
     D:7: 95 daAuts
